 Dungeon Crawl Stone Soup version 0.31-a0-846-gb3bcc0d938 (webtiles) character file.

Game seed: 2555726808380619624

674 arthad the Ogre Mage (level 7, 0/67 HPs)
             Began as an Ogre Fire Elementalist on Oct 3, 2023.
             Slain by a goblin
             ... wielding a +1 dagger of speed
              (3 damage)
             ... on level 4 of the Dungeon.
             The game lasted 00:09:20 (3325 turns).

arthad the Ogre Mage (Ogre Fire Elementalist)       Turns: 3325, Time: 00:09:20

Health: 0/67       AC:  4    Str: 13    XL:     7   Next: 59%
Magic:  6/14       EV: 10    Int: 18    God:
Gold:   294        SH:  0    Dex:  9    Spells: 5/15 levels left

rFire   . . .        o - +1 dagger (venom)
rCold   . . .        (no shield)
rNeg    . . .        a - +1 robe
rPois   .            (helmet restricted)
rElec   .            (no cloak)
rCorr   .            (gloves unavailable)
SInv    .            (boots unavailable)
Will    .....        k - amulet of magic regeneration
Stlth   ++           (no ring)
HPRegen 0.31/turn    (no ring)
MPRegen 0.54/turn

%: no passive effects
@: slowed, very slow
A: large, unfitting armour, tough skin 1
a: no special abilities


You were on level 4 of the Dungeon.
You visited 1 branch of the dungeon, and saw 4 of its levels.
You also visited: Sewer.

You collected 294 gold pieces.

Inventory:

Hand Weapons
 o - a +1 dagger of venom (weapon)
 r - a +1 flail of draining
 s - a +2 flail of protection
Missiles
 c - 2 large rocks
 e - 5 poisoned darts
Armour
 a - a +1 robe (worn)
 u - the +4 ring mail of Qoskosomp {Harm Regen+ Int+6}
   (You found it on level 4 of the Dungeon)

   Int+6:     It affects your intelligence (+6).
   Regen+:    It increases your rate of health regeneration.
   Harm:      It increases damage dealt and taken.
Jewellery
 k - an amulet of magic regeneration (around neck)
Scrolls
 f - a scroll of enchant armour
 g - a scroll of teleportation
 h - 2 scrolls of blinking {unknown}
 q - a scroll of poison {unknown}
 t - a scroll of enchant weapon {unknown}
 v - 3 scrolls of amnesia {unknown}
Potions
 b - a potion of magic
 d - a potion of haste
 j - a potion of attraction {unknown}
 l - 2 potions of cancellation
 m - a potion of lignification
 n - a potion of mutation {unknown}
 p - a potion of enlightenment {unknown}


   Skills:
 + Level 3.1 Fighting
 + Level 2.0 Throwing
 + Level 2.8 Dodging
 + Level 2.4 Stealth
 * Level 4.6 Spellcasting
 * Level 3.1 Conjurations
 * Level 4.2 Fire Magic


You had 5 spell levels left.
You knew the following spells:

 Your Spells              Type           Power      Damage    Failure   Level
a - Foxfire               Conj/Fire      68%        2x1d7     3%          1
b - Scorch                Fire           38%        2d6       3%          2
c - Volatile Blastmotes   Fire/Tloc      22%        2d11      17%         3
d - Flame Wave            Conj/Fire      17%        2d7       30%         4

Your spell library contained the following spells:

 Spells                   Type           Power      Damage    Failure   Level
 Static Discharge         Conj/Air       18%        2-3/arc   11%         2
 Inner Flame              Hex/Fire       11%        N/A       17%         3
 Airstrike                Air            2%         2d(1-17)  80%         4
 Summon Lightning Spire   Summ/Air       4%         N/A       80%         4
 Irradiate                Conj/Tmut      4%         3d13      90%         5
 Metabolic Englaciation   Hex/Ice        2%         N/A       98%         5


Dungeon Overview and Level Annotations

Branches:
Dungeon (4/15)              Sewer (visited)
 Temple: D:4-7

Altars:
Zin

Annotations:
D:4 Natasha


Innate Abilities, Weirdness & Mutations

You are too large for most types of armour.
You have tough skin. (AC +1)


Message History

Casting: Foxfire (safe; 3% risk of failure)
Confirm with . or Enter, or press ? or * to list all spells.
Flames lash the cerulean imp.
The cerulean imp is severely wounded.
The cerulean imp's fire resistance burns away.
The foxfire hits the cerulean imp.
The cerulean imp is severely wounded.
The goblin hits you but does no damage. Natasha claws you!
The goblin hits you but does no damage.
The cerulean imp hits you from afar with a +2 spear. x2
The cerulean imp hits you but does no damage.
The goblin hits you with a +1 dagger of speed.
Casting: Scorch (safe; 3% risk of failure)
Confirm with . or Enter, or press ? or * to list all spells.
Okay, then.
You aren't carrying any items that you can evoke.
Throw: 3 large rocks
Press: ? - help, Shift-Dir - straight line, f - Natasha
Aim: Natasha (almost dead, 43% to hit)
You throw a large rock. The large rock closely misses Natasha.
The large rock completely misses the cerulean imp.
Natasha misses you.
The cerulean imp hits you but does no damage. x2
The cerulean imp hits you with a +2 spear.
The goblin hits you with a +1 dagger of speed.
* * * LOW HITPOINT WARNING * * *
The goblin hits you but does no damage. Natasha claws you!
* * * LOW HITPOINT WARNING * * *
The cerulean imp closely misses you.
The cerulean imp hits you but does no damage.
The cerulean imp hits you with a +2 spear.
* * * LOW HITPOINT WARNING * * *
The goblin hits you with a +1 dagger of speed.
* * * LOW HITPOINT WARNING * * *
Natasha claws you but does no damage.
The cerulean imp hits you but does no damage. x2
The cerulean imp hits you from afar with a +2 spear.
* * * LOW HITPOINT WARNING * * *
The goblin hits you with a +1 dagger of speed.
You die...

.##.#+##.......# #.# #.#
.##.#.###.....#####.# #.# .##.#.#
#........##.# #.#
.##.#.###'###..####.# #.#
.##.#...........# #.######.###
....#...........# #..........#
...............5# #.########.#
...##..........g###.# #.#
...######'####5h@##.########.####
...# ##5.§............... ...#
####.##+####÷###.#### ...#
#.........÷÷.....# # ####
#..........#.###.# #
#..........#.# #.####
#..........#.# #.....
#..........#.# #.####
#..........#.# #.#


You could see Natasha, 3 cerulean imps and a goblin.

Vanquished Creatures
  Menkaure (D:4)
  A sky beast (D:4)
  Pargi (Sewer)
  A phantom (D:4)
  A scorpion (D:4)
  A hound (D:4)
  Terence (D:2)
  An iguana (D:4)
  A sleepcap (D:4)
  Natasha (D:4)
  3 worms
  5 dart slugs
  4 orcs
  7 ball pythons
  10 bats
  9 endoplasms
  5 giant cockroaches
  7 goblins
  6 hobgoblins
  7 jackals
  3 quokkas
  4 frilled lizards
  6 kobolds
  7 rats
93 creatures vanquished.

Vanquished Creatures (others)
  335 foxfires
335 creatures vanquished.

Grand Total: 428 creatures vanquished

Notes
Turn   | Place    | Note
-------+----------+-------------------------------------------
     0 | D:1      | arthad the Ogre Fire Elementalist began the quest for the
                  | Orb.
     0 | D:1      | Reached XP level 1. HP: 16/16 MP: 3/3
   102 | D:1      | Reached skill level 1 in Conjurations
   507 | D:1      | Reached XP level 2. HP: 23/24 MP: 1/5
   887 | D:1      | Reached XP level 3. HP: 32/32 MP: 4/7
  1332 | D:2      | Reached skill level 1 in Fighting
  1569 | D:2      | Learned a level 2 spell: Scorch
  1573 | D:2      | Learned a level 3 spell: Volatile Blastmotes
  1640 | D:2      | Found a glowing silver altar of Zin.
  1746 | D:2      | Noticed Terence
  1757 | D:2      | Killed Terence
  1758 | D:2      | Reached XP level 4. HP: 40/41 MP: 2/8
  2020 | D:3      | Found a glowing drain.
  2060 | Sewer    | Entered a sewer
  2092 | Sewer    | Noticed Pargi
  2116 | Sewer    | Killed Pargi
  2117 | Sewer    | Reached skill level 1 in Throwing
  2117 | Sewer    | Reached XP level 5. HP: 30/49 MP: 4/10
  2406 | D:3      | Got a moldy book
  2452 | D:3      | Learned a level 4 spell: Flame Wave
  2770 | D:4      | Noticed Menkaure
  2777 | D:4      | Killed Menkaure
  2778 | D:4      | Reached XP level 6. HP: 59/59 MP: 6/12
  2898 | D:4      | Noticed a sky beast
  2907 | D:4      | Killed a sky beast
  2908 | D:4      | Reached XP level 7. HP: 59/66 MP: 3/13
  2958 | D:4      | Identified the +4 ring mail of Qoskosomp {Harm Regen+
                  | Int+6}
  3005 | D:4      | Noticed Natasha
  3026 | D:4      | Killed Natasha
  3311 | D:4      | Noticed Natasha
  3325 | D:4      | HP: 3/67 [cerulean imp/+2 spear[Natasha] (4)]
  3325 | D:4      | Slain by a goblin

Illustrated notes

Levels and vault maps discovered:
D:1:      lightli_arrival_boilingwater, layout_loops_corners,
          minmay_close_crescents
D:2:      layout_loops_ring, basic_altar, hangedman_decor_lopped, corexii_shack,
          uniq_terence
D:3:      layout_basic, portal_sewer_entry_c
D:4:      layout_basic, serial_shops, kennysheep_little_box, uniq_menkaure,
          uniq_natasha

Skill      XL: |  1  2  3  4  5  6  7 |
---------------+----------------------+-----
Conjurations   | 1 2 3 |  3.1
Dodging        | 2 |  2.8
Fighting       | 1 2 3 |  3.1
Fire Magic     | 3 4 |  4.2
Spellcasting   | 3 4 |  4.6
Throwing       | 1 2 |  2.0
Stealth        | 2 |  2.4

Action                     |  1- 3 |  4- 6 |  7- 9 || total
---------------------------+-------+-------+-------++-------
  Melee: Unarmed           |    25 |     1 |       ||    26
         Dagger            |       |     1 |     1 ||     2
  Throw: Large rock        |     1 |       |     2 ||     3
   Cast: Foxfire           |    66 |   105 |    24 ||   195
         Scorch            |     4 |     7 |    14 ||    25
    Use: Scroll            |       |     4 |       ||     4
         Potion            |       |       |     3 ||     3
 Armour: Robe              |    25 |    21 |    48 ||    94
         Skin              |       |       |    11 ||    11
  Dodge: Dodged            |    18 |    17 |    27 ||    62

Table legend: (Time is in decaauts)
 A = Elapsed time spent in this place.
 B = Non-inter-level travel time spent in this place.
 C = Inter-level travel time spent in this place.
 D = Time resting spent in this place.
 E = Time spent auto-exploring this place.
 F = Levels seen in this place.
 G = Mean time per level.
                   A        B        C        D        E       F      G
               +--------+--------+--------+--------+--------+-----+--------+
         Total |   3328 |   3245 |     83 |      0 |   2617 |   5 |  665.6 |
       Dungeon |   3149 |   3066 |     83 |      0 |   2487 |   4 |  787.2 |
         Sewer |    179 |    179 |      0 |      0 |    130 |   1 |  179.0 |
               +--------+--------+--------+--------+--------+-----+--------+

Top non-repeatable levels by time:
     D:1: 1143 daAuts
     D:2: 815 daAuts
     D:4: 612 daAuts
     D:3: 577 daAuts
   Sewer: 179 daAuts
